 Dungeon Crawl Stone Soup version 0.30-b1-2-g02819fbbbe (webtiles) character file.

Game seed: 7402444408313757664

69 Alarkh the Shooter (level 4, 33/33 HPs)
             Began as a Demonspawn Hunter on May 23, 2023.
             Got out of the dungeon alive.
             The game lasted 00:01:47 (1298 turns).

Alarkh the Shooter (Demonspawn Hunter)              Turns: 1298, Time: 00:01:47

Health: 33/33      AC:  3    Str: 10 (11) XL:     4   Next: 2%
Magic:  4/4        EV: 11    Int: 11 (13) God:
Gold:   27         SH:  0    Dex: 13 (16) Spells: 3/3 levels left

rFire   . . .        a - +0 shortbow
rCold   . . .        (shield currently unavailable)
rNeg    . . .        c - +0 leather armour
rPois   +            (no helmet)
rElec   .            (no cloak)
rCorr   .            (no gloves)
SInv    .            (no boots)
Will    .....        (no amulet)
Stlth   +            n - ring of poison resistance
HPRegen 0.25/turn    (no ring)
MPRegen 0.18/turn

%: no passive effects
@: no status effects
A: magic regeneration, demonic magic 2
a: no special abilities


You escaped.
You visited 1 branch of the dungeon, and saw 3 of its levels.

You collected 27 gold pieces.

Inventory:

Hand Weapons
 a - a +0 shortbow (weapon)
 b - a +1 dagger of flaming
Armour
 c - a +0 leather armour (worn)
Jewellery
 n - a ring of poison resistance (left hand)
Wands
 o - a wand of digging (5)
Scrolls
 g - a scroll of immolation
 h - a scroll of magic mapping {unknown}
 i - 2 scrolls of teleportation {unknown}
 j - a scroll of enchant armour {unknown}
 k - a scroll of fear
 m - a scroll of fog
 p - a scroll of identify
 q - a scroll of poison {unknown}
Potions
 d - a potion of magic
 e - a potion of berserk rage
 f - a potion of haste
 l - 2 potions of degeneration


   Skills:
 - Level 2.0 Fighting
 + Level 5.1 Ranged Weapons
 - Level 1.7 Dodging
 - Level 0.8 Stealth


You had 3 spell levels left.
You didn't know any spells.
Your spell library contained the following spells:

 Spells                   Type           Power      Damage    Failure   Level
 Foxfire                  Conj/Fire      0%         2x1d4     43%         1
 Blink                    Tloc           0%         N/A       58%         2
 Manifold Assault         Tloc           0%         N/A       99%         4
 Fireball                 Conj/Fire      0%         3d3       100%        5
 Plasma Beam              Fire/Air       0%         2x1d11    100%        6
 Starburst                Conj/Fire      0%         6d3       100%        6
 Storm Form               Tmut/Air       0%         N/A       100%        7


Dungeon Overview and Level Annotations

Branches:
Dungeon (3/15)

Altars:
Gozag


Innate Abilities, Weirdness & Mutations

You regenerate magic rapidly.
Spells you cast may paralyse nearby enemies.


Message History

q - a scroll labelled GELLUA TAKLAPT A kobold comes into view.
It is wielding a +1 dagger of pain.
A kobold is nearby!
You shoot an arrow.
The arrow hits the kobold but does no damage.
The kobold shouts!
You shoot an arrow. The arrow closely misses the kobold.
An endoplasm comes into view.
You shoot an arrow. The arrow hits the endoplasm.
The endoplasm is heavily wounded.
The endoplasm freezes you.
You are frozen.
You shoot an arrow.
The arrow hits the endoplasm but does no damage.
The endoplasm is heavily wounded.
The endoplasm barely misses you. The kobold completely misses you.
You shoot an arrow. The arrow hits the endoplasm!
You kill the endoplasm!
You have reached level 4!
You feel clever.
Your demonic ancestry asserts itself...
Your magic begins to regenerate rapidly.
You shoot an arrow. The arrow hits the kobold.
You kill the kobold!
No target in view!
No target in view!
Things that are here:
a +1 dagger of pain; a kobold corpse
(D) Dungeon
Where to? (Enter - D:3, ? - help)
What level of the Dungeon? (default 1, ? - help)
There is a stone staircase leading up here.
You climb upwards.
There is a stone staircase leading down here.
There is a stone staircase leading up here.
You climb upwards.
There is a stone staircase leading down here.
There is an escape hatch in the floor here.
There is a staircase leading out of the dungeon here.
Are you sure you want to leave the Dungeon?
This will make you lose the game!
You have escaped!

# #.............♣P♣♣♣♣P.# #
#.....####.....♣P.PPP.#
#####.....###........P...##
.......................###
..........####.........#
#####..................#
..............##.##....#
#####.#.#####.##.##....#
##.#.# #.##@##....# #..#.#
#.##>##....#
####.##.#####.##.##....#
÷...........P.#..#######
##..###.#...P....# ##.##
#.#..♣♣....# .#.#
#.PP♣.♣PP..# ...#
##...♣♣♣.P.# #..#
#.PP♣♣♣♣.##


There were no monsters in sight!

Vanquished Creatures
  2 adders (D:2)
  2 worms (D:2)
  An orc (D:3)
  4 endoplasms
  2 giant cockroaches
  5 goblins
  3 hobgoblins
  6 jackals
  A quokka (D:2)
  4 ball pythons
  4 bats
  2 frilled lizards (D:1)
  4 kobolds
  A rat (D:2)
41 creatures vanquished.

Notes
Turn   | Place    | Note
-------+----------+-------------------------------------------
     0 | D:1      | Alarkh the Demonspawn Hunter began the quest for the Orb.
     0 | D:1      | Reached XP level 1. HP: 16/16 MP: 1/1
   141 | D:1      | Reached skill level 4 in Ranged Weapons
   147 | D:1      | Gained mutation: Spells you cast may paralyse adjacent
                  | enemies. [demonic ancestry]
   147 | D:1      | Reached XP level 2. HP: 22/22 MP: 2/2
   247 | D:1      | Found a faded altar of an unknown god.
   595 | D:2      | Gained mutation: Spells you cast may paralyse nearby
                  | enemies. [demonic ancestry]
   595 | D:2      | Reached XP level 3. HP: 27/27 MP: 3/3
   752 | D:2      | Found an opulent altar of Gozag.
   851 | D:2      | Reached skill level 5 in Ranged Weapons
  1226 | D:3      | Gained mutation: You regenerate magic rapidly. [demonic
                  | ancestry]
  1226 | D:3      | Reached XP level 4. HP: 33/33 MP: 4/4
  1298 | D:$      | Got out of the dungeon alive.

Illustrated notes

Levels and vault maps discovered:
D:1:      dpeg_arrival_tiny_j, layout_rooms,
          hellmonk_ecumenical_altar_dog_temple, serial_forest,
          infiniplex_forest_diagonal, infiniplex_forest_lined_room_,
          infiniplex_forest_clump_curved, infiniplex_forest_clump_long,
          infiniplex_forest_straight_2, infiniplex_forest_clump_medium,
          infiniplex_forest_corner_1
D:2:      layout_rooms, basic_altar
D:3:      layout_loops_ring, nicolae_overflow_hidden_temple, minivault_14

Skill      XL: |  1  2  3 |
---------------+----------+-----
Ranged Weapons | 4 5 |  5.1
Fighting       | |  2.0
Dodging        | |  1.7
Stealth        | |  0.8

Action                     |  1- 3 |  4- 6 || total
---------------------------+-------+-------++-------
   Fire: Shortbow          |   116 |     1 ||   117
    Use: Scroll            |     5 |       ||     5
         Potion            |     1 |       ||     1
 Armour: Leather armour    |    14 |       ||    14
  Dodge: Dodged            |    31 |       ||    31
